AoeStats
← Scooby Jew

Highland

504759038Analyzed
2v2 RM · 24d ago on Sep 6, 2026· 109m 40s· 4 players
Game mode
Random Map
Map size
Medium (4 player)
Population
200
Speed
Normal
Resources
Standard
Victory
Conquest
Starting age
Dark Age
Ending age
Imperial Age
RankedLock teamsTeams togetherTeam positionsShared explorationLock speedFull tech treeHidden civsTurbo modeCheats
Victory
Defeat
🇪🇸 Tatars · Spain
772
+17
🇪🇸 Vikings · Spain
772
+17
🇫🇷 Burgundians · France
817
-18
🇫🇷 Khmer · France
776
-35
Alonchobjj
11:55 Feudal Age
14:19 Loom
16:47 Castle Age
15:09 Double-Bit Axe
18:20 Wheelbarrow
21:01 Town Watch
22:58 Ballistics
24:30 Bloodlines
25:08 Horse Collar
27:51 Hand Cart
30:49 Husbandry
33:09 Heavy Plow
35:34 Masonry
35:06 Treadmill Crane
36:24 Fletching
36:35 Padded Archer Armor
36:41 Scale Barding Armor
37:06 Forging
38:30 Gold Mining
39:43 Silk Armor
42:43 Gold Shaft Mining
41:59 Stone Mining
43:35 Iron Casting
43:20 Chain Barding Armor
46:43 Imperial Age
48:03 Conscription
47:08 Elite Keshik
48:39 Heavy Camel Rider
54:45 Caravan
56:00 Blast Furnace
55:36 Plate Barding Armor
61:59 Bow Saw
62:27 Crop Rotation
68:17 Capped Ram
70:55 Scale Mail Armor
72:44 Squires
72:05 Pikeman
72:31 Arson
73:09 Demolition Ship
74:39 Siege Ram
76:02 Halberdier
79:11 Onager
99:11 Light Cavalry
100:03 Hussar
100:54 Elite Skirmisher
jowi125
11:49 Feudal Age
16:00 Castle Age
14:04 Double-Bit Axe
14:03 Horse Collar
26:14 Loom
27:31 Fletching
32:54 Imperial Age
30:34 Gold Mining
30:35 Stone Mining
31:10 Bodkin Arrow
32:24 Padded Archer Armor
32:24 Scale Mail Armor
32:35 Forging
32:34 Chieftains
33:16 Elite Longship
34:53 Bracer
36:07 Town Watch
36:45 Ballistics
37:26 Chemistry
37:03 Iron Casting
36:43 Leather Archer Armor
36:44 Chain Mail Armor
37:50 Elite Berserk
38:33 Bogsveigar
40:33 Blast Furnace
40:03 Ring Archer Armor
40:16 Plate Mail Armor
41:30 Elite Cannon Galleon
43:10 Town Patrol
43:16 Capped Ram
44:09 Caravan
44:34 Siege Ram
46:43 Masonry
48:45 Ring Archer Armor
50:32 Hoardings
50:29 Architecture
52:49 Onager
55:41 Heavy Plow
55:55 Bow Saw
56:25 Cavalier
68:25 Pikeman
69:05 Squires
76:46 Scale Barding Armor
89:41 Man-at-Arms
90:07 Gambesons
90:08 Arson
90:57 Chain Barding Armor
90:58 Heavy Scorpion
101:44 Hoardings
100:53 Treadmill Crane
101:05 Heated Shot
101:02 Arrowslits
101:10 Guard Tower
107:21 Siege Engineers
107:28 Careening
107:31 Clinker Construction
107:31 Siphons
yoman
12:20 Feudal Age
10:43 Loom
20:25 Castle Age
19:29 Wheelbarrow
20:20 Fishing Lines
21:17 Double-Bit Axe
24:49 Hand Cart
26:18 Bow Saw
27:01 Scale Barding Armor
26:57 Scale Mail Armor
27:08 Forging
26:46 Horse Collar
28:26 Pikeman
32:50 Gold Mining
32:50 Stone Mining
36:00 Imperial Age
39:27 Gold Shaft Mining
39:28 Stone Shaft Mining
39:28 Padded Archer Armor
39:18 Fletching
40:53 Heavy Plow
46:51 Elite Ballista Elephant
49:04 Chain Barding Armor
49:00 Chain Mail Armor
49:00 Leather Archer Armor
51:02 Halberdier
51:08 Elite Ballista Elephant
57:05 Caravan
69:52 Masonry
78:01 Arson
80:23 Elite Skirmisher
82:03 Bodkin Arrow
92:15 Ring Archer Armor
91:45 Bracer
92:21 Iron Casting
92:22 Plate Barding Armor
95:58 Cavalier
96:14 Light Cavalry
Scooby Jew
10:43 Feudal Age
9:09 Double-Bit Axe
10:44 Horse Collar
11:51 Loom
15:35 Castle Age
14:45 Bow Saw
16:37 Husbandry
21:01 Gold Mining
21:27 Cavalier
25:14 Scale Barding Armor
25:20 Forging
27:36 Two-Man Saw
26:31 Stone Mining
28:43 Gold Shaft Mining
28:43 Stone Shaft Mining
29:04 Wheelbarrow
28:35 Heavy Plow
33:39 Iron Casting
33:25 Chain Barding Armor
35:54 Imperial Age
35:08 Burgundian Vineyards
37:41 Chemistry
36:21 Paladin
40:01 Plate Barding Armor
40:27 Blast Furnace
39:28 Padded Archer Armor
39:19 Fletching
40:22 Scale Mail Armor
42:23 Murder Holes
42:38 Masonry
42:09 Treadmill Crane
42:41 Fortified Wall
46:54 Hand Cart
46:25 Town Watch
46:59 Leather Archer Armor
46:39 Bodkin Arrow
47:00 Chain Mail Armor
51:08 Plate Mail Armor
50:38 Bracer
57:16 Coinage
57:50 Conscription
78:07 Flemish Revolution
100:32 Light Cavalry
Connection lost

Rejoining the realm…

Still unreachable

The connection could not be restored.

Session expired

The server has moved on; the page needs a fresh start.